Map: 环轨星港

Players

shengy

  • Race: Zerg Zerg
  • League: Gold

Eskrop - Winner!

  • Race: Zerg Zerg
  • League: Platinum

VOD

Have the link to the VOD?

Description

Time

  • Played on: Dec. 20, 2015, 1:12 p.m.
  • Length: 10:41
Show
View Real Time Build Order
Export as new Build Order

shengy Zerg 

Build Orders: Hatch First 

Get SALT Encoding   

  12  0:03  Drone  
  13  0:09  Drone  
  14  0:17  Overlord  
  14  0:35  Drone  
  15  0:36  Drone x2  
  17  0:47  Drone  
  18  1:03  Drone  
  19  1:05  Extractor  
  19  1:06  Hatchery  
  17  1:16  Spawning Pool  
  17  1:18  Drone  
  17  1:31  Drone x2  
  18  1:53  Overlord  
  18  2:06  Queen  
  20  2:10  Metabolic Boost  
  20  2:21  Queen, Drone x2  
  20  2:22  Zergling x4  
  26  2:29  Drone  
  27  2:36  Baneling Nest  
  26  2:46  Queen  
  28  2:55  Overlord  
  28  2:56  Queen  
  30  3:02  Overlord  
  30  3:04  Drone  
  31  3:22  Baneling  
  31  3:23  Baneling  
  31  3:25  Zergling x12  
  31  3:26  Zergling x2  
  38  3:43  Overlord  
  38  3:44  Overlord  
  38  3:54  Roach Warren  
  37  4:06  Drone x2  
  37  4:07  Drone x6  
  45  4:23  Drone x5  
  48  4:30  Lair  
  48  4:35  Drone x2  
  50  4:38  Extractor  
  49  4:50  Drone, Extractor, Overlord  
  49  4:51  Drone x3  
  52  5:14  Evolution Chamber  
  52  5:16  Drone x3  
  54  5:24  Overlord  
  54  5:25  Overlord  
  54  5:27  Pneumatized Carapace  
  54  5:30  Overlord  
  54  5:32  Drone x2  
  53  5:51  Zergling x12  
  53  5:52  Roach x3  
  60  5:59  Spine Crawler  
  54  6:14  Roach x5  
  60  6:25  Queen  
  61  6:26  Queen  
  61  6:29  Zerg Ground Armor Level 1  
  63  6:36  Hatchery  
  62  6:48  Drone x6  
  62  6:49  Drone x2  
  70  6:56  Glial Reconstitution, Hatchery  
  70  7:01  Ravager x4  
  73  7:02  Queen  
  75  7:23  Overlord x2  
  75  7:28  Roach x3  
  75  7:29  Roach x3  
  87  7:38  Burrow  
  87  7:40  Extractor  
  86  7:57  Zergling x16  
  93  8:16  Hydralisk Den  
  93  8:19  Spore Crawler  
  91  8:20  Spore Crawler  
  91  8:22  Spore Crawler  
  91  8:23  Spore Crawler  
  91  8:24  Drone x4  
  87  8:54  Extractor  
  87  8:55  Hydralisk x7  
  82  8:56  Hydralisk x2  
  92  9:12  Hydralisk x3  
  92  9:13  Hydralisk  
  90  9:31  Hydralisk x4  
  90  9:42  Ravager  
  85  9:50  Baneling x4  
  85  9:51  Baneling  
  85  10:03  Hydralisk x2  
  85  10:04  Hydralisk  
Show
View Real Time Build Order
Export as new Build Order

Eskrop Zerg - Winner!

Build Orders: Hatch First 

Get SALT Encoding   

  12  0:01  Drone  
  13  0:13  Overlord  
  13  0:17  Drone  
  14  0:32  Drone x2  
  16  0:36  Drone  
  17  0:46  Drone  
  18  1:07  Hatchery  
  17  1:14  Spawning Pool  
  16  1:22  Drone x2, Extractor  
  16  1:25  Drone  
  18  1:33  Drone  
  19  1:46  Drone  
  20  1:57  Overlord  
  20  2:07  Queen  
  22  2:18  Zergling x4  
  24  2:27  Drone  
  24  2:28  Drone  
  26  2:30  Metabolic Boost  
  26  2:35  Spine Crawler  
  26  2:36  Drone  
  26  2:37  Spine Crawler  
  25  2:44  Drone x2  
  25  2:48  Queen  
  29  2:51  Overlord  
  29  3:04  Drone x3  
  32  3:10  Queen  
  34  3:13  Drone  
  34  3:14  Drone  
  36  3:23  Zergling x6  
  36  3:24  Zergling x2  
  40  3:29  Drone  
  41  3:35  Roach Warren  
  41  3:38  Overlord  
  40  3:47  Baneling Nest  
  39  4:06  Drone x2  
  39  4:07  Drone x2  
  39  4:08  Drone  
  39  4:09  Extractor  
  43  4:11  Overlord x3  
  41  4:28  Roach x3  
  41  4:29  Roach x3  
  53  4:32  Roach  
  53  4:33  Roach  
  53  4:35  Roach  
  59  4:41  Baneling x3  
  59  4:42  Baneling  
  59  4:59  Lair  
  59  5:13  Roach x3  
  65  5:32  Evolution Chamber  
  65  5:33  Drone x3  
  65  5:35  Hatchery  
  66  5:36  Extractor  
  65  5:51  Roach  
  65  5:55  Overlord x3  
  67  6:09  Roach  
  67  6:18  Spire  
  58  6:20  Drone  
  58  6:21  Drone x2  
  58  6:22  Extractor  
  52  6:27  Glial Reconstitution  
  52  6:30  Zerg Ground Armor Level 1  
  52  6:33  Drone x3  
  52  6:34  Overlord  
  52  6:35  Drone  
  52  6:36  Drone  
  57  6:45  Drone x3  
  60  6:50  Drone x5  
  65  6:54  Drone  
  66  7:04  Drone x2  
  66  7:05  Drone  
  69  7:09  Drone x2, Extractor  
  69  7:12  Overlord x2  
  70  7:17  Extractor  
  70  7:22  Drone x2  
  71  7:23  Drone  
  71  7:25  Drone x2  
  74  7:36  Mutalisk x3  
  74  7:37  Mutalisk  
  76  7:40  Mutalisk x2  
  86  7:45  Mutalisk  
  86  7:47  Mutalisk  
  90  7:55  Overlord  
  90  7:56  Overlord x2  
  90  8:01  Mutalisk x2  
  94  8:08  Pneumatized Carapace  
  94  8:17  Mutalisk  
  96  8:21  Zergling x2  
  96  8:22  Zergling x12  
  103  8:36  Hatchery  
  102  8:41  Mutalisk x3  
  102  8:42  Mutalisk  
  110  9:04  Mutalisk x2  
  114  9:14  Zergling x2  
  114  9:15  Zergling x14  
  114  9:16  Zergling x6  
  123  9:36  Mutalisk x3  
  125  9:43  Zergling x8  
  129  9:48  Drone  
  129  9:49  Drone x2  
  132  9:53  Drone x3  
  133  10:13  Zergling x14  
  133  10:14  Zergling x6  
  133  10:17  Drone  
  133  10:20  Zergling x6  
Tags
 
Add a new tag
Caveats
  • Supply blocks, unpowered buildings, or Contaminate may cause inaccurate times.
  • Supply counts are checked every 10 seconds.